[Event "Early-Titled-Tuesday-Blitz-March-12-2024"]
[Site "Chess.com"]
[Date "2024.03.12"]
[Round "1"]
[White "rasmussvane"]
[Black "ChelsieMonica"]
[Result "1-0"]
[WhiteElo "2983"]
[BlackElo "2539"]
[TimeControl "180+1"]
[EndTime "8:06:30 PDT"]
[Termination "rasmussvane won by resignation"]

1. Nf3 Nf6 2. g3 e6 3. Bg2 d5 4. O-O Be7 5. c4 O-O 6. b3 c5 7. cxd5 Nxd5 8. Nc3 Bf6 9. Bb2 Nxc3 10. Bxc3 Nc6 11.
Rc1 Nd4 12. Nxd4 cxd4 13. Bb4 Re8 14. Qc2 a5 15. Ba3 e5 16. Be4 g6 17. Qc7 Bh3 18.
Rfe1 Rb8 19. Qxd8 Rexd8 20. Rc7 Rd7 21. Rec1 Bd8 22. Rxd7 Bxd7 23. Bd6 Rc8 24. Rxc8 Bxc8 25. Bxe5 Bb6 26. Kf1 Kf8 27. Ke1 Ke7 28. Bd5 f6 29. Bb8 Bc5 30. Kd1 b6 31. f3 h5 32. Be4 g5 33.
Bg6 h4 34. gxh4 gxh4 35. Ke1 Be6 36. Bf4 a4 37. bxa4 Bxa2 38. Bd3 Bb3 39. Bb5 Ke6 40. Kf1 Kf5 41. Bc7 Ke6 42. Kg2 Bb4 43. Bxb6 Bxd2 44. Bxd4 Be1 45. Bb6 Kd6 46. a5 Be6 47. a6 h3+ 48.
Kf1 Bb4 49. Bd3 Kc6 50. a7 1-0

[Event "Early-Titled-Tuesday-Blitz-March-12-2024"]
[Site "Chess.com"]
[Date "2024.03.12"]
[Round "1"]
[White "pfalcon1949"]
[Black "albi1999"]
[Result "0-1"]
[WhiteElo "1952"]
[BlackElo "2574"]
[TimeControl "180+1"]
[EndTime "8:06:32 PDT"]
[Termination "albi1999 won on time"]

1. e4 c5 2. Nf3 a6 3. c4 Nc6 4.
Nc3 e5 5. g3 g6 6. Bg2 Bg7 7.
O-O d6 8. Rb1 Nge7 9. a3 a5 10.
d3 O-O 11. h3 h6 12. Kh2 f5 13. Nd5 Nxd5 14. cxd5 Ne7 15. b4 cxb4 16. axb4 a4 17. Ba3 b5 18. Qe2 Qb6 19. Rbc1 Bd7 20. Rfd1 Rac8 21. Nh4 f4 22. Rxc8 Rxc8 23. gxf4 exf4 24. Bf3 g5 25. Nf5 Nxf5 26. exf5 Re8 27. Qc2 Bxf5 28. Be4 Rc8 29. Qe2 Bxe4 30. Qxe4 Qxf2+ 31. Kh1 Rf8 32. Qe6+ Kh8 33. Rg1 Qf3+ 34. Rg2 Qxd3 35. Bb2 Qb1+ 36. Kh2 Qh7 0-1

[Event "Early-Titled-Tuesday-Blitz-March-12-2024"]
[Site "Chess.com"]
[Date "2024.03.12"]
[Round "1"]
[White "northridgehawk"]
[Black "GMG"]
[Result "1-0"]
[WhiteElo "2347"]
[BlackElo "2688"]
[TimeControl "180+1"]
[EndTime "8:06:36 PDT"]
[Termination "northridgehawk won on time"]

1. e4 c5 2. Nf3 Nc6 3. d4 cxd4 4.
Nxd4 Nf6 5. Nc3 e5 6. Ndb5 d6 7. Bg5 a6 8. Na3 Be6 9. Nc4 Rb8 10. Ne3 Be7 11. Bxf6 Bxf6 12. Be2 O-O 13. O-O Bg5 14.
Ncd5 g6 15. a4 Kh8 16. Bc4 f5 17. exf5 gxf5 18. f4 Bh6 19. c3 Rc8 20. Ba2 Bg7 21. Qd2 b5 22. axb5 axb5 23. Bb3 b4 24. Ba4 bxc3 25.
bxc3 Na5 26. Rad1 e4 27. Bb5 Rc5 28. c4 Nb3 29. Qb4 Nd4 30. Rf2 Qb8 31. Nc3 Rfc8 32. Rfd2 Nxb5 33. Nxb5 Bxc4 34. Nxc4 Rxc4 35. Qb3 Qb6+ 36.
Kh1 Bf8 37. Rd5 Qf2 38. Nxd6 1-0

[Event "Early-Titled-Tuesday-Blitz-March-12-2024"]
[Site "Chess.com"]
[Date "2024.03.12"]
[Round "1"]
[White "Roedor"]
[Black "GothamChess"]
[Result "0-1"]
[WhiteElo "2277"]
[BlackElo "2659"]
[TimeControl "180+1"]
[EndTime "8:06:37 PDT"]
[Termination "GothamChess won on time"]

1. c4 g6 2. g3 Bg7 3. Bg2 d6 4. Nc3 Nc6 5. Nf3 Bd7 6. O-O Qc8 7. d4 Bh3 8. d5 Ne5 9. Nxe5 Bxe5 10. e4 h5 11. f4 Bg7 12. f5 Bxg2 13. Kxg2 h4 14. g4 h3+ 15. Kh1 Nf6 16. Be3 c5 17. Qf3 gxf5 18. exf5 Qc7 19. Bf4 O-O-O 20. Rfe1 a6 21. Rac1 Rde8 22. Bg3 Nd7 23. a3 Be5 24. b4 f6 25. Na4 Kb8 26. bxc5 Nxc5 27. Nxc5 Qxc5 28. Bxe5 dxe5 29. Re4 Rc8 30. Rb1 Ka7 31. Qb3 Rc7 32. Qb4 Qf2 33. Re2 Qxe2 34. Qb6+ Ka8 0-1

[Event "Early-Titled-Tuesday-Blitz-March-12-2024"]
[Site "Chess.com"]
[Date "2024.03.12"]
[Round "1"]
[White "Marcin"]
[Black "Zhigalko_Sergei"]
[Result "1-0"]
[WhiteElo "2499"]
[BlackElo "2847"]
[TimeControl "180+1"]
[EndTime "8:06:38 PDT"]
[Termination "Marcin won on time"]

1. d4 Nf6 2. c4 e6 3. g3 c5 4. Nf3 cxd4 5. Nxd4 Qc7 6. Nc3 a6 7. Bg2 Qxc4 8. Bf4 Nc6 9. Nb3 d5 10. Rc1 Qb4 11. a3 Qb6 12. e4 dxe4 13. Nxe4 Nxe4 14. Bxe4 Be7 15. O-O O-O 16. Be3 Qc7 17. Qc2 h6 18. Bxc6 bxc6 19. Qxc6 Qxc6 20. Rxc6 Rb8 21. Rc3 Bf6 22.
Bd4 e5 23. Ba7 Rb7 24. Bc5 Rd8 25. Bb4 Bh3 26. Re1 Rbd7 27. Nc5 Rd1 28. Rc1 Rxc1 29. Rxc1 Bg5 30. Re1 1-0

[Event "Early-Titled-Tuesday-Blitz-March-12-2024"]
[Site "Chess.com"]
[Date "2024.03.12"]
[Round "1"]
[White "IMRosen"]
[Black "scrambleyourbrain"]
[Result "1-0"]
[WhiteElo "2723"]
[BlackElo "2368"]
[TimeControl "180+1"]
[EndTime "8:06:38 PDT"]
[Termination "IMRosen won by resignation"]

1. d4 Nf6 2. Bf4 d5 3. e3 e6 4. Nf3 Bd6 5. Ne5 Nbd7 6. Nd2 O-O 7. Bd3 Ne8 8. h4 f5 9. h5 c5 10. c3 Qc7 11. Ndf3 h6 12. Ng6 Rf6 13. Be5 Bxe5 14. dxe5 Rf7 15. Qa4 a6 16. Qh4 Nf8 17. Nf4 Nh7 18. Rh3 Qe7 19. Qg3 Ng5 20. Rh1 Nxf3+ 21. gxf3 Qg5 22. Qh3 Qe7 23. Rg1 b5 24. Rg6 b4 25.
cxb4 cxb4 26. Rc1 Bd7 27. Qg2 Kh7 28. Ke2 Rc8 29. Rg1 Nc7 30. Rxh6+ Kg8 31. Ng6 1-0

[Event "Early-Titled-Tuesday-Blitz-March-12-2024"]
[Site "Chess.com"]
[Date "2024.03.12"]
[Round "1"]
[White "MidnightFox"]
[Black "Seochesspie"]
[Result "0-1"]
[WhiteElo "2479"]
[BlackElo "2862"]
[TimeControl "180+1"]
[EndTime "8:06:40 PDT"]
[Termination "Seochesspie won by resignation"]

1. d4 Nf6 2. c4 e6 3. g3 d5 4. Bg2 Bb4+ 5. Nd2 O-O 6. Qc2 b6 7.
Nf3 Bb7 8. O-O Nbd7 9. b3 Rc8 10. Bb2 Re8 11. Rac1 a6 12. Rfd1 Qe7 13. Qb1 c5 14. a3 Bxd2 15. Nxd2 cxd4 16. Bxd4 e5 17. Bb2 Qe6 18.
cxd5 Bxd5 19. Bxd5 Nxd5 20. Nf3 Rxc1 21. Rxc1 h6 22. Qd3 e4 23. Qxa6 exf3 24. exf3 Nc5 25. Qb5 Qe2 26. Qxe2 Rxe2 27. b4 Ne6 28. Rb1 Ng5 29.
Kf1 Rc2 30. f4 Ne4 31. Bc1 Rxf2+ 32. Kg1 Ndc3 33. Ra1 Ne2+ 34. Kh1 Rf1+ 35. Kg2 Rxc1 36. Rxc1 Nxc1 37. a4 Nd3 38. a5 bxa5 39. bxa5 Ndc5 40. Kf3 Nd6 0-1

[Event "Early-Titled-Tuesday-Blitz-March-12-2024"]
[Site "Chess.com"]
[Date "2024.03.12"]
[Round "1"]
[White "Casper"]
[Black "FaustinoOro"]
[Result "0-1"]
[WhiteElo "2506"]
[BlackElo "2904"]
[TimeControl "180+1"]
[EndTime "8:06:41 PDT"]
[Termination "FaustinoOro won by resignation"]

1. Nf3 Nf6 2. b3 d5 3. Bb2 Bf5 4. e3 e6 5. c4 h6 6. Nc3 c6 7. d4 Bb4 8. Bd3 O-O 9. O-O Nbd7 10. Bxf5 exf5 11. cxd5 Bxc3 12. Bxc3 cxd5 13. Rc1 Rc8 14. Qd3 Ne4 15. Bb4 Re8 16. Qb5 Nb6 17.
a4 Qd7 18. Qxd7 Nxd7 19. Nd2 b6 20. f3 Ng5 21. Kf2 f4 22. exf4 Ne6 23. Bd6 Nxd4 24. Rfe1 Nf5 25. Rxe8+ Rxe8 26. Rc7 Rd8 27. Ba3 Nf6 28.
g4 Nd4 29. Rxa7 Rc8 30. Bb2 Nc6 31. Rb7 d4 32. Rxb6 Nd5 33. Rb5 Nxf4 34. Ne4 Nd3+ 35. Ke2 Nxb2 36. a5 d3+ 37. Kd2 Nd4 38. Rc5 Nxb3+ 0-1

[Event "Early-Titled-Tuesday-Blitz-March-12-2024"]
[Site "Chess.com"]
[Date "2024.03.12"]
[Round "1"]
[White "Mikhail_Golubev"]
[Black "leschebaza"]
[Result "1-0"]
[WhiteElo "2706"]
[BlackElo "2333"]
[TimeControl "180+1"]
[EndTime "8:06:46 PDT"]
[Termination "Mikhail_Golubev won by resignation"]

1. e4 e6 2. d4 d5 3. Nc3 Nf6 4.
Bg5 Bb4 5. e5 h6 6. Bd2 Bxc3 7.
bxc3 Ne4 8. Qg4 g6 9. Bd3 Nxd2 10. Kxd2 c5 11. h4 c4 12. Bf1 Nc6 13. Ne2 Bd7 14. Nf4 Qe7 15. Be2 O-O-O 16. a4 b6 17. Qf3 Be8 18. a5 b5 19. a6 b4 20. Rab1 Kc7 21.
cxb4 Nxd4 22. Qe3 Nb5 23. Bf3 Bc6 24. Qc5 Qxc5 25. bxc5 Rb8 26. Ne2 d4 27. Rb4 Bxf3 28. gxf3 Kc6 29. Rxc4 Rhd8 30. Kd3 h5 31. Rb1 Kc7 32.
Nxd4 Rd5 33. c3 Na3 34. Rxb8 Nxc4 35. Rb7+ Kc8 36. Kxc4 Rxe5 37. Rxa7 Rf5 38. Kb5 Rf4 39. Kc6 Kb8 40. Rb7+ Ka8 41. Nb5 1-0

[Event "Early-Titled-Tuesday-Blitz-March-12-2024"]
[Site "Chess.com"]
[Date "2024.03.12"]
[Round "1"]
[White "vi_pranav"]
[Black "Baronessa08"]
[Result "1-0"]
[WhiteElo "3034"]
[BlackElo "2558"]
[TimeControl "180+1"]
[EndTime "8:06:47 PDT"]
[Termination "vi_pranav won by checkmate"]

1. e4 c5 2. Nf3 Nc6 3. Bb5 e6 4. Bxc6 bxc6 5. d3 Ne7 6. O-O Ng6 7. Ng5 f6 8. Nh3 d5 9. Qh5 Bd6 10. Nc3 O-O 11. f4 e5 12. f5 Ne7 13. Qf3 c4 14. dxc4 Ba6 15. b3 Bc5+ 16. Kh1 Bd4 17. Rb1 dxc4 18. Rd1 cxb3 19. cxb3 Qa5 20. Na4 Rfd8 21. Bd2 Qb5 22. Qg3 Kh8 23. Rbc1 Rac8 24. Bc3 Qe2 25.
Bxd4 Rxd4 26. Re1 Qxa2 27. Nc5 Bb5 28. Ne6 Rg8 29. Nxd4 exd4 30. Nf4 Nc8 31. Ng6+ hxg6 32. Qh3# 1-0

[Event "Early-Titled-Tuesday-Blitz-March-12-2024"]
[Site "Chess.com"]
[Date "2024.03.12"]
[Round "1"]
[White "suyu28"]
[Black "RebelJohnny"]
[Result "1-0"]
[WhiteElo "2905"]
[BlackElo "2508"]
[TimeControl "180+1"]
[EndTime "8:06:47 PDT"]
[Termination "suyu28 won on time"]

1. d4 d5 2. c4 dxc4 3. Nf3 Nf6 4. e3 c5 5. Bxc4 e6 6. O-O a6 7. b3 b5 8. Be2 Nbd7 9. Bb2 Bb7 10. Nbd2 Be7 11. a4 b4 12. Rc1 Rc8 13. Nc4 O-O 14.
Nfe5 Nxe5 15. dxe5 Nd5 16. Qc2 Qc7 17. Rfd1 Rfd8 18.
a5 Bf8 19. Bd3 g6 20. h4 Ne7 21. Nd6 Nf5 22. Bxf5 exf5 23. Nxc8 Rxc8 24. Qc4 Re8 25. h5 Qxa5 26. hxg6 hxg6 27. Rd7 Re7 28. e6 Rxd7 29. exd7 Qc7 30. Qh4 1-0

[Event "Early-Titled-Tuesday-Blitz-March-12-2024"]
[Site "Chess.com"]
[Date "2024.03.12"]
[Round "1"]
[White "SchmakAttack"]
[Black "ccccvhhhj"]
[Result "1-0"]
[WhiteElo "2821"]
[BlackElo "2459"]
[TimeControl "180+1"]
[EndTime "8:06:48 PDT"]
[Termination "SchmakAttack won on time"]

1. d4 d5 2. c4 e6 3. Nc3 c6 4. e4 dxe4 5. Nxe4 Bb4+ 6. Nc3 Nf6 7. Nf3 c5 8. a3 Ba5 9. Be3 cxd4 10. Nxd4 O-O 11. Qc2 e5 12. Nf5 Bxf5 13. Qxf5 Bxc3+ 14. bxc3 Qa5 15. Qc2 Nc6 16. Bd3 Nd4 17. Qb2 Rad8 18. Rd1 b6 19. O-O Ne6 20. Qb4 Qa6 21. h3 Qc8 22. Be2 h6 23. Qe7 Rfe8 24. Qxa7 Nf4 25. Bf3 Rxd1 26. Rxd1 Qxc4 27. Qxb6 Qxc3 28. a4 e4 29. Bg4 Nxg4 30. Bxf4 Nxf2 31. Qxf2 Qb3 32. Ra1 g5 33. Be3 Qd3 34. a5 Qc3 35. Bd4 Qc4 36.
a6 Ra8 37. a7 Qc7 38. Qf6 Kf8 39. Qh8+ Ke7 40. Qxa8 1-0

[Event "Early-Titled-Tuesday-Blitz-March-12-2024"]
[Site "Chess.com"]
[Date "2024.03.12"]
[Round "1"]
[White "Blitzstream"]
[Black "KhazhatulyAlikhan"]
[Result "1/2-1/2"]
[WhiteElo "2797"]
[BlackElo "2449"]
[TimeControl "180+1"]
[EndTime "8:06:51 PDT"]
[Termination "Game drawn by repetition"]

1. d4 d5 2. Bf4 Nf6 3. e3 e6 4. Nf3 Bd6 5. Nbd2 O-O 6. Ne5 c5 7. c3 Nc6 8. Bb5 Qc7 9. Ndf3 Bd7 10. Bd3 Ne4 11. Qc2 f5 12. O-O c4 13. Be2 b5 14. Nxc6 Bxc6 15. Bxd6 Qxd6 16. Ne5 a5 17. Bf3 Nf6 18. a3 Nd7 19. Nxd7 Bxd7 20. b4 cxb3 21.
Qxb3 a4 22. Qb4 Qxb4 23. cxb4 Rfc8 24. Rfc1 Rxc1+ 25. Rxc1 Rc8 26. Rc5 Rxc5 27. dxc5 Bc6 28. g4 g6 29. Kg2 Kf7 30. Kg3 Kf6 31. Be2 e5 32. f4 e4 33. Kf2 Bd7 34. Ke1 fxg4 35.
Kd2 g5 36. fxg5+ Kxg5 37. Kc3 Kh4 38. Kd4 Kh3 39. Kxd5 Kxh2 40. c6 Bxc6+ 41. Kxc6 g3 42. Bf1 Kg1 43. Bh3 Kh2 44. Bf1 Kg1 45. Bh3 Kh2 46.
Bf1 1/2-1/2

[Event "Early-Titled-Tuesday-Blitz-March-12-2024"]
[Site "Chess.com"]
[Date "2024.03.12"]
[Round "1"]
[White "Kielinkei"]
[Black "DenLaz"]
[Result "0-1"]
[WhiteElo "2559"]
[BlackElo "3038"]
[TimeControl "180+1"]
[EndTime "8:06:55 PDT"]
[Termination "DenLaz won by resignation"]

1. c4 f5 2. g3 Nf6 3. Bg2 g6 4.
Nc3 Bg7 5. d4 O-O 6. Nf3 d6 7.
O-O c6 8. b3 Qc7 9. Bb2 e5 10.
e3 e4 11. Nd2 Qe7 12. f3 exf3 13. Qxf3 Na6 14. a3 Bd7 15. Rae1 Rae8 16. e4 fxe4 17.
Ncxe4 Ng4 18. Qd3 Rxf1+ 19. Rxf1 d5 20. cxd5 cxd5 21. Nc3 Qe3+ 22. Qxe3 Nxe3 23. Bxd5+ Kh8 24. Rf7 Bxd4 25. Nce4 Bxb2 26. Rxd7 Nb8 27. Rd6 Nxd5 28. Rxd5 Bxa3 29. Nf6 Rf8 30. Nde4 Bb2 31. Rd6 Kg7 32. Nd7 Nxd7 33. Rxd7+ Rf7 34. Rxf7+ Kxf7 35. Nd6+ Ke6 36.
Nxb7 Bd4+ 37. Kf1 Bb6 38. b4 Kd7 39. Ke2 Kc6 40. Na5+ Bxa5 41. bxa5 Kb5 42. Kd3 Kxa5 43. Kc3 Kb5 44. g4 Kc5 45. h4 Kd5 46. h5 gxh5 47.
gxh5 Ke5 48. Kb4 Kf5 49. Ka5 Kg5 50. Ka6 Kxh5 0-1

[Event "Early-Titled-Tuesday-Blitz-March-12-2024"]
[Site "Chess.com"]
[Date "2024.03.12"]
[Round "1"]
[White "Alenzer"]
[Black "karinachess1"]
[Result "0-1"]
[WhiteElo "2163"]
[BlackElo "2606"]
[TimeControl "180+1"]
[EndTime "8:06:55 PDT"]
[Termination "karinachess1 won on time"]

1. e4 e5 2. Nf3 Nc6 3. Bb5 Nge7 4. c3 a6 5. Ba4 b5 6. Bb3 d5 7. exd5 Nxd5 8. O-O Be7 9. Re1 O-O 10. d4 exd4 11. Nxd4 Nxd4 12. Qxd4 Bb7 13. Nd2 c5 14. Qg4 Nf6 15.
Qg3 Bd6 16. Qh4 Re8 17. f3 c4 18. Bc2 Qb6+ 19. Kh1 Rxe1+ 20. Qxe1 Re8 21. Ne4 Bxe4 22. fxe4 Ng4 23. g3 f5 24. h3 Nf2+ 25. Kg2 Nxe4 26.
Be3 Qc6 27. Bxe4 Qxe4+ 28. Kf2 Bxg3+ 29. Kxg3 Qxe3+ 30. Qxe3 Rxe3+ 31. Kf4 Re2 32. b3 g6 33. bxc4 Re4+ 34. Kg5 Kg7 0-1

[Event "Early-Titled-Tuesday-Blitz-March-12-2024"]
[Site "Chess.com"]
[Date "2024.03.12"]
[Round "1"]
[White "FairChess_on_YouTube"]
[Black "RobertJFischer71"]
[Result "1-0"]
[WhiteElo "3123"]
[BlackElo "2569"]
[TimeControl "180+1"]
[EndTime "8:06:58 PDT"]
[Termination "FairChess_on_YouTube won on time"]

1. Nf3 Nf6 2. c4 c6 3. g3 d5 4. Bg2 e6 5. O-O Nbd7 6. b3 Bd6 7. Bb2 O-O 8. d4 Qe7 9. Nc3 dxc4 10. bxc4 e5 11.
e3 Re8 12. Re1 Ba3 13. Qb3 Bxb2 14. Qxb2 Rb8 15. Rad1 h6 16. h3 b5 17. cxb5 cxb5 18. d5 b4 19. Na4 Qd6 20. Nd2 Ba6 21. Qb1 Rec8 22. Nb2 Rc3 23. Nb3 Rbc8 24. Na5 Bb5 25. Nc6 a6 26. Nd3 Bxd3 27. Rxd3 Rxd3 28. Qxd3 Rxc6 29. Qb3 1-0

[Event "Early-Titled-Tuesday-Blitz-March-12-2024"]
[Site "Chess.com"]
[Date "2024.03.12"]
[Round "1"]
[White "AlexandraSamaganova"]
[Black "vasblesk"]
[Result "0-1"]
[WhiteElo "2375"]
[BlackElo "2725"]
[TimeControl "180+1"]
[EndTime "8:06:58 PDT"]
[Termination "vasblesk won on time"]

1. c4 e5 2. Nc3 Nf6 3. Nf3 Nc6 4.
a3 d5 5. cxd5 Nxd5 6. Qc2 Nxc3 7. dxc3 a5 8. e4 Bd6 9. a4 O-O 10. Bd3 Bg4 11. Nd2 h5 12. f3 Be6 13. Nc4 Bc5 14. Ne3 Qh4+ 15. Qf2 Qe7 16. Qe2 Rad8 17.
Nf5 Bxf5 18. exf5 h4 19. Be3 Bxe3 20. Qxe3 Qf6 21. O-O Rd6 22. Be4 Rfd8 23. Qe2 b6 24. Rfd1 Ne7 25. b4 Nxf5 26. Rxd6 Nxd6 27. Rd1 axb4 28.
cxb4 Nxe4 29. fxe4 Ra8 30. Qc2 c5 31. bxc5 bxc5 32.
Qxc5 Rxa4 33. Qe3 Kh7 34. Rf1 Qg6 35. Re1 Qg4 36. h3 Qg6 37. Kh2 Ra2 38. Re2 Qg3+ 0-1

[Event "Early-Titled-Tuesday-Blitz-March-12-2024"]
[Site "Chess.com"]
[Date "2024.03.12"]
[Round "1"]
[White "rhwr"]
[Black "luckyswitchback"]
[Result "0-1"]
[WhiteElo "2287"]
[BlackElo "2662"]
[TimeControl "180+1"]
[EndTime "8:07:02 PDT"]
[Termination "luckyswitchback won by resignation"]

1. e4 e6 2. Nf3 d5 3. e5 c5 4. b4 d4 5. bxc5 Bxc5 6. Bb5+ Bd7 7. a4 Ne7 8. O-O O-O 9. c3 dxc3 10. Nxc3 Bc6 11.
Bxc6 Nbxc6 12. Ne4 Bb4 13. d4 Nd5 14. Bd2 Be7 15. Rb1 b6 16. Rc1 Rc8 17. h3 h6 18.
Qe2 Qd7 19. Qb5 Rfd8 20. Rc4 Qb7 21. Rfc1 a6 22. Qb2 b5 23. axb5 axb5 24. R4c2 b4 25.
Rb1 Na5 26. Rxc8 Rxc8 27. Qa2 Nc4 28. Be1 Nf4 29. Nd6 Nxd6 30. Rxb4 Qd5 31. Qxd5 Nxd5 32.
exd6 Nxb4 33. Bxb4 Bf8 34. Ne5 Rd8 35. d7 Bxb4 0-1

[Event "Early-Titled-Tuesday-Blitz-March-12-2024"]
[Site "Chess.com"]
[Date "2024.03.12"]
[Round "1"]
[White "AlessiaSanteramo"]
[Black "ahkashefi2800"]
[Result "0-1"]
[WhiteElo "2249"]
[BlackElo "2644"]
[TimeControl "180+1"]
[EndTime "8:07:02 PDT"]
[Termination "ahkashefi2800 won by checkmate"]

1. e4 c6 2. d4 d5 3. Nc3 dxe4 4. Nxe4 Nd7 5. Ng5 Ngf6 6. Bd3 h6 7. Ne6 Qb6 8. Nf3 fxe6 9. Bg6+ Kd8 10. O-O Qc7 11. Ne5 Nxe5 12. dxe5+ Nd5 13. c4 Qxe5 14. cxd5 exd5 15.
Qf3 Qf6 16. Qg3 e5 17. f4 e4 18. Be3 Bd6 19. Rad1 Qe7 20. Rd2 Rf8 21. Rfd1 Bf5 22. Bxf5 Rxf5 23. Qg6 Rf6 24. Qh7 Kc7 25. Bd4 Rxf4 26.
Qg6 Be5 27. Bxe5+ Qxe5 28. g3 Rf3 29. b4 Raf8 30. b5 Qf6 31. Qg4 Rf1+ 32. Kg2 Rf2+ 33. Kg1 Rxd2 34. Rxd2 Qf1# 0-1

[Event "Early-Titled-Tuesday-Blitz-March-12-2024"]
[Site "Chess.com"]
[Date "2024.03.12"]
[Round "1"]
[White "QuintilianoR"]
[Black "emeli_chess"]
[Result "1-0"]
[WhiteElo "2736"]
[BlackElo "2401"]
[TimeControl "180+1"]
[EndTime "8:07:03 PDT"]
[Termination "QuintilianoR won by resignation"]

1. Nf3 f5 2. d4 Nf6 3. Bf4 g6 4. e3 Bg7 5. h3 O-O 6. c4 d6 7. Nc3 c6 8. Qc2 Nbd7 9. Bh2 Qe8 10.
d5 e5 11. dxe6 Qxe6 12. O-O-O Ne8 13. Be2 Ndf6 14. c5 d5 15. Nd4 Qe7 16. Nb3 Ne4 17. Nxe4 fxe4 18. Rhf1 Kh8 19. Kb1 a5 20. Nd4 a4 21.
Bg3 Ra5 22. Rc1 a3 23. b4 Ra8 24. Rfd1 Qg5 25. h4 Qe7 26. h5 g5 27. h6 Bxh6 28. Rh1 Bg7 29. f3 Nf6 30. Bd6 Qf7 31. Bxf8 Qxf8 32. fxe4 Nxe4 33. Bd3 Qe7 34. Bxe4 dxe4 35. Rcf1 Bd7 36. Nf5 Bxf5 37. Rxf5 Re8 38. g4 h6 39. Qb3 Qd7 40. Rd1 Qc7 41. Rd6 b6 42. Rf7 Qb8 43. Rxg7 Kxg7 44. Rd7+ Kh8 45. Qf7 1-0

[Event "Early-Titled-Tuesday-Blitz-March-12-2024"]
[Site "Chess.com"]
[Date "2024.03.12"]
[Round "1"]
[White "nelsi"]
[Black "vovachesss"]
[Result "0-1"]
[WhiteElo "2436"]
[BlackElo "2788"]
[TimeControl "180+1"]
[EndTime "8:07:05 PDT"]
[Termination "vovachesss won by checkmate"]

1. e4 c6 2. d4 d5 3. Nc3 dxe4 4. Bc4 Nf6 5. f3 e3 6. Bxe3 Bf5 7. Nge2 e6 8. Ng3 Bg6 9. Qe2 Be7 10. O-O-O b5 11. Bd3 Qa5 12. Kb1 Na6 13. Nge4 Nb4 14. Nxf6+ gxf6 15. Bxg6 hxg6 16. a3 Nd5 17. Nxd5 cxd5 18.
Bd2 b4 19. Bxb4 Bxb4 20. axb4 Qxb4 21. Qd2 Qb6 22. Qc3 O-O 23. h4 Rfc8 24. Qa3 Rc4 25. h5 g5 26. h6 Qb4 27. Qd3 Rb8 28. b3 Rc3 29. h7+ Kh8 30. Qa6 Rxb3+ 31. Kc1 Rb1# 0-1

[Event "Early-Titled-Tuesday-Blitz-March-12-2024"]
[Site "Chess.com"]
[Date "2024.03.12"]
[Round "1"]
[White "Actuary44"]
[Black "Fandorine"]
[Result "0-1"]
[WhiteElo "2531"]
[BlackElo "2969"]
[TimeControl "180+1"]
[EndTime "8:07:09 PDT"]
[Termination "Fandorine won by resignation"]

1. e4 e5 2. d4 exd4 3. c3 d5 4. exd5 Qxd5 5. cxd4 Nc6 6. Nf3 Bg4 7. Be2 Bb4+ 8. Nc3 Bxf3 9. Bxf3 Qc4 10. Bxc6+ bxc6 11. Qe2+ Qxe2+ 12. Kxe2 Ne7 13. Bf4 O-O-O 14. Rhd1 Nf5 15. Be3 Rhe8 16. Kf3 f6 17. Rac1 Nh4+ 18. Kg3 g5 19. a3 Bd6+ 20. Kh3 h5 21. g3 Nf5 22.
Rd3 g4+ 23. Kg2 h4 24. Ne2 c5 25. dxc5 Be5 26. Rxd8+ Rxd8 27. b4 h3+ 28. Kf1 Rd3 29. Bf4 Bb2 30. Rb1 Bxa3 31. b5 Bxc5 32. Nc1 Rd1+ 33.
Ke2 Rh1 34. Ra1 Nd4+ 35. Kd3 Nxb5 36. Kc4 Bd4 37. Ra5 c6 38. Nb3 Bb6 39. Ra6 Rxh2 40. Na5 Bxa5 41. Rxc6+ Nc7 42. Ra6 Nxa6 43. Kb5 Rxf2 0-1

[Event "Early-Titled-Tuesday-Blitz-March-12-2024"]
[Site "Chess.com"]
[Date "2024.03.12"]
[Round "1"]
[White "Semen_Khanin"]
[Black "imdvb6307"]
[Result "1-0"]
[WhiteElo "2890"]
[BlackElo "2502"]
[TimeControl "180+1"]
[EndTime "8:07:12 PDT"]
[Termination "Semen_Khanin won on time"]

1. e4 e5 2. Nf3 Nf6 3. Nxe5 d6 4. Nf3 Nxe4 5. Qe2 Qe7 6. d3 Nf6 7. Bg5 Qxe2+ 8. Bxe2 Be7 9. Nc3 c6 10. O-O-O Na6 11. Rde1 Nc5 12. Bd1 Ne6 13. Bd2 O-O 14. h3 Bd7 15. g4 h6 16. Rhg1 Rfe8 17. h4 Nh7 18. Ne4 d5 19. Ng3 Bd6 20. Ne5 Rad8 21. f4 Bc8 22. c3 Nef8 23. d4 f6 24.
Nd3 Kf7 25. Nf5 Bc7 26. b4 b6 27. a4 Bd7 28. Kb2 Rxe1 29. Rxe1 Re8 30. Rg1 Ng6 31. Bf3 Ne7 32. Nxe7 Kxe7 33. f5 Kd8 34. Nf4 Nf8 35.
Nh5 Re7 36. Re1 g6 37. Nxf6 gxf5 38. Rxe7 Kxe7 39. Ng8+ Ke8 40. Nf6+ Kf7 41. Nxd7 Nxd7 42. Bxh6 Kg6 43. Bd2 fxg4 44. Bxg4 Nf6 45. Be6 Bg3 46. Bg5 1-0

[Event "Early-Titled-Tuesday-Blitz-March-12-2024"]
[Site "Chess.com"]
[Date "2024.03.12"]
[Round "1"]
[White "Winner_7777"]
[Black "Firouzja2003"]
[Result "0-1"]
[WhiteElo "2572"]
[BlackElo "3139"]
[TimeControl "180+1"]
[EndTime "8:07:13 PDT"]
[Termination "Firouzja2003 won by resignation"]

1. d4 Nf6 2. c4 g6 3. Nc3 Bg7 4.
e4 d6 5. Be2 O-O 6. Be3 Na6 7.
Nf3 e5 8. O-O c6 9. Re1 Ng4 10.
Bg5 Qa5 11. d5 Qb6 12. Bh4 Qxb2 13. Na4 Qb4 14. a3 Qa5 15. Be7 Re8 16. Bxd6 c5 17. h3 Nh6 18. Rb1 Bd7 19. Rb5 Bxb5 20. cxb5 Nc7 21.
Bxc5 Bf8 22. Bxf8 Kxf8 23. Nc5 Qxa3 24. Nxe5 Qb2 25. Ned3 Qd4 26. Qc1 Kg7 27. Nb3 Qb6 28. Qc3+ f6 29. Ndc5 Rac8 30. Qb4 Qd6 31. Qd4 b6 32. Nb7 Qd7 33. d6 Ne6 34. Qd5 Nf4 35. Qd2 Nxe2+ 36. Rxe2 Rb8 37. N7c5 bxc5 38. Nxc5 Qxb5 39. d7 Qxc5 40. dxe8=Q Rxe8 41. Qd7+ Re7 42. Qa4 Nf7 43. Rc2 Qe5 0-1

[Event "Early-Titled-Tuesday-Blitz-March-12-2024"]
[Site "Chess.com"]
[Date "2024.03.12"]
[Round "1"]
[White "sansanathalia"]
[Black "BestStelker"]
[Result "0-1"]
[WhiteElo "2339"]
[BlackElo "2712"]
[TimeControl "180+1"]
[EndTime "8:07:13 PDT"]
[Termination "BestStelker won by resignation"]

1. e4 e6 2. d4 d5 3. Nd2 c5 4. exd5 Qxd5 5. Ngf3 cxd4 6. Bc4 Qd7 7. O-O a6 8. Nb3 Nc6 9. Nbxd4 Nxd4 10. Nxd4 Qc7 11. Bb3 Bd6 12. h3 Ne7 13. Be3 O-O 14. Qe2 b6 15. Rad1 Bb7 16. Qd2 Rad8 17. Qc3 Qxc3 18.
bxc3 Nd5 19. Bxd5 Bxd5 20. Nb3 b5 21. Rd2 Rc8 22. Bd4 Bf4 23. Rdd1 Be4 24. g3 Bg5 25. f4 Be7 26. Rf2 h5 27. Re1 Bf5 28. Kg2 Rc4 29. Rd2 Rfc8 30. Na5 Ra4 31. Nb7 Rc7 32. Na5 Rxa2 33.
Nb3 Rxc2 34. Rxc2 Bxc2 35. Nd2 a5 36. Bb6 Rxc3 37. Bxa5 Ra3 38. Bb6 b4 39. Nc4 Ra2 40. Kf3 Bb3 41. Ne5 Bd5+ 42. Ke3 b3 43. Bd4 Rg2 44.
g4 h4 45. Rb1 Rg3+ 46. Kf2 Rxh3 47. Rc1 Rh2+ 48. Ke3 b2 49. Rb1 Ba3 50. Nd3 Ba2 51. Re1 b1=Q 0-1

[Event "Early-Titled-Tuesday-Blitz-March-12-2024"]
[Site "Chess.com"]
[Date "2024.03.12"]
[Round "1"]
[White "Airquake"]
[Black "bobo_panda"]
[Result "1-0"]
[WhiteElo "2659"]
[BlackElo "2282"]
[TimeControl "180+1"]
[EndTime "8:07:15 PDT"]
[Termination "Airquake won by checkmate"]

1. g3 d5 2. Bg2 Nf6 3. Nf3 b6 4. O-O Bb7 5. b3 g6 6. Bb2 Bg7 7. d4 Nbd7 8. e3 e6 9. c4 c5 10. dxc5 Nxc5 11. cxd5 Bxd5 12. Nc3 O-O 13. Nxd5 Qxd5 14.
Qe2 Qd3 15. Qe1 Qc2 16. Bxf6 Bxf6 17. Nd4 Bxd4 18. exd4 Nd3 19. Qe3 Rac8 20. Be4 Rc3 21. Rad1 Nb4 22. Bxc2 Rxe3 23. fxe3 Nxc2 24. Kf2 Nb4 25.
a3 Nd5 26. Rc1 f5 27. Rc6 Kf7 28. Rfc1 Kf6 29. b4 g5 30. b5 h5 31. Kf3 g4+ 32. Ke2 h4 33. e4 Ne7 34. e5+ Kf7 35. Rc7 hxg3 36. hxg3 Rh8 37. Rxa7 Rh2+ 38. Kd3 Rg2 39.
Rcc7 Rxg3+ 40. Kc4 Kg6 41. Rxe7 f4 42. Rxe6+ Kf5 43. Rf6+ Ke4 44. e6 Re3 45. Raf7 Kf3 46. Rxf4+ Kg3 47. d5 Kh3 48. e7 g3 49. Rh7+ Kg2 50. d6 Kg1 51. d7 g2 52. Rg7 Kh1 53.
e8=Q g1=N 54. Qxe3 Ne2 55. Rh4# 1-0